[Event "fics rated crazyhouse match"]
[Site "fics, Oklahoma City, OK USA"]
[Date "2000.02.03"]
[White "RubberDuck"]
[WhiteElo "2114"]
[Black "Firefly"]
[BlackElo "2521"]
[TimeControl "60+0"]
[Result "0-1"]

1. e4 e6 2. Nf3 Nc6 3. Nc3 Nf6 4. d4 Bb4 5. Bd3 d5 6. exd5 
exd5 7. Qe2+ P@e4 8. Bb5 Bd7 9. Bxc6 bxc6 10. Ne5 B@h5 11. P@f3 Bxc3+ 
12. bxc3 N@h4 13. B@f1 Qe7 14. N@g5 exf3 15. Nexf3 Nxf3+ 16. Nxf3 P@e4 17. Ne5 
Bxe2 18. Bxe2 N@h4 19. B@f1 O-O 20. P@g3 Ng6 21. N@f4 Nxe5 22. dxe5 Qxe5 
23. Bb2 P@f3 24. gxf3 exf3 25. N@d3 Qe8 26. P@g5 fxe2 27. Bxe2 N@f3+ 28. Kd1 
Q@d2# 
{RubberDuck checkmated} 0-1

[Event "fics rated crazyhouse match"]
[Site "fics, Oklahoma City, OK USA"]
[Date "2000.02.03"]
[White "Firefly"]
[WhiteElo "2522"]
[Black "RubberDuck"]
[BlackElo "2113"]
[TimeControl "60+0"]
[Result "1-0"]

1. e4 e5 2. Nc3 Nc6 3. Nf3 Bc5 4. Bc4 Nf6 5. O-O O-O 6. d3 
h6 7. Nd5 Nxd5 8. exd5 Nd4 9. Nxd4 Bxd4 10. c3 Bc5 11. N@f3 d6 
12. d4 exd4 13. cxd4 P@h3 14. gxh3 Bxh3 15. Re1 P@g2 16. N@f4 N@g5 17. Nxg5 
Qxg5 18. Nxh3 Qf6 19. B@e4 Bxd4 20. N@h5 Bxf2+ 21. Nxf2 Qxf2+ 22. Kxf2 N@h3+ 
23. Kxg2 N@f4+ 24. Bxf4 Nxf4+ 25. Nxf4 P@h7 26. Bxh7+ Kxh7 27. B@f5+ P@g6 28. P@h5 
N@h4+ 29. Kh3 Nxf5 30. P@g4 gxh5 31. gxf5 B@g6 32. Nxg6 fxg6 33. Kg2 B@g4 
34. fxg6+ Kxg6 35. N@h4+ Kf7 36. Q@g6+ Kg8 37. P@h7+ Kh8 38. N@f7+ Rxf7 39. Qxg7# 
{RubberDuck forfeits on time} 1-0

[Event "fics rated crazyhouse match"]
[Site "fics, Oklahoma City, OK USA"]
[Date "2000.02.03"]
[White "RubberDuck"]
[WhiteElo "2112"]
[Black "Firefly"]
[BlackElo "2523"]
[TimeControl "60+0"]
[Result "0-1"]

1. e4 e6 2. Nf3 Nc6 3. Nc3 Nf6 4. d4 Bb4 5. Bd3 d5 6. exd5 
exd5 7. Bb5 Qe7+ 8. P@e5 Ne4 9. Bxc6+ bxc6 10. N@g5 Nxc3 11. bxc3 Bxc3+ 
12. Bd2 Bxa1 13. Qxa1 P@f6 14. Nxf7 Qxf7 15. exf6 gxf6 16. N@h6 Qe7+ 17. P@e5 
B@h5 18. P@f7+ Bxf7 19. Nxf7 Qxf7 20. exf6 R@e4+ 21. B@e3 P@f4 22. P@g7 Rg8 
23. Ng5 fxe3 24. Nxf7 exf2+ 25. Kd1 P@e2+ 26. Kc1 B@a3+ 27. Kb1 e1=Q+ 28. Bxe1 
Rxe1+ 29. B@d1 N@d2# 
{RubberDuck checkmated} 0-1

[Event "fics rated crazyhouse match"]
[Site "fics, Oklahoma City, OK USA"]
[Date "2000.02.03"]
[White "Firefly"]
[WhiteElo "2524"]
[Black "RubberDuck"]
[BlackElo "2111"]
[TimeControl "60+0"]
[Result "1-0"]

1. e4 e6 2. Nc3 Nf6 3. e5 Nd5 4. Nf3 Nc6 5. Nxd5 exd5 6. d4 
d6 7. Bb5 dxe5 8. Nxe5 Bd7 9. Nxd7 Qe7+ 10. Ne5 N@h4 11. B@h3 P@f6 
12. Bxc6+ bxc6 13. P@d7# 
{RubberDuck resigns} 1-0

[Event "fics rated crazyhouse match"]
[Site "fics, Oklahoma City, OK USA"]
[Date "2000.02.03"]
[White "RubberDuck"]
[WhiteElo "2110"]
[Black "Firefly"]
[BlackElo "2525"]
[TimeControl "60+0"]
[Result "0-1"]

1. e4 e6 2. Nf3 Nc6 3. d4 Nf6 4. d5 exd5 5. exd5 Bb4+ 6. P@c3 
Qe7+ 7. Qe2 P@e4 8. dxc6 exf3 9. cxd7+ Bxd7 10. Qxe7+ Bxe7 11. gxf3 N@h4 
12. P@g2 P@h3 13. gxh3 Nxf3+ 14. Ke2 Q@e1+ 15. Kxf3 Bc6+ 16. Kg3 P@h4+ 17. Kxh4 
Qxf2+ 18. P@g3 Ne4+ 19. Kg4 h5# 
{RubberDuck checkmated} 0-1

[Event "fics rated crazyhouse match"]
[Site "fics, Oklahoma City, OK USA"]
[Date "2000.02.03"]
[White "Burgsvik"]
[WhiteElo "2032"]
[Black "Firefly"]
[BlackElo "2527"]
[TimeControl "120+0"]
[Result "1-0"]

1. e4 e6 2. d4 Nc6 3. Nc3 Bb4 4. Nf3 Nf6 5. Bg5 h6 6. Bxf6 
Qxf6 7. d5 Ne5 8. Nxe5 Qxe5 9. dxe6 Qxe4+ 10. Be2 Qxe6 11. N@d5 B@a5 
12. P@f6 Bxc3+ 13. bxc3 Bxc3+ 14. Nxc3 Qxf6 15. Nd5 Qxf2+ 16. Kxf2 N@e4+ 17. Ke3 
O-O 18. B@f5 P@g6 19. Bxe4 P@f6 20. Ne7+ Kh8 21. B@d3 Re8 22. Nxg6+ fxg6 
23. P@f7 N@f5+ 24. Kd2 P@e3+ 25. Kc1 P@d2+ 26. Kb2 Rf8 27. Bxf5 gxf5 28. N@g6+ 
Kh7 29. Nxf8# 
{Firefly resigns} 1-0

[Event "fics rated crazyhouse match"]
[Site "fics, Oklahoma City, OK USA"]
[Date "2000.02.03"]
[White "Firefly"]
[WhiteElo "2512"]
[Black "Burgsvik"]
[BlackElo "2047"]
[TimeControl "120+0"]
[Result "1-0"]

1. e4 e6 2. Nc3 Nf6 3. e5 Nd5 4. Nxd5 exd5 5. Nf3 Bc5 6. d4 
Be7 7. Bd3 h6 8. N@h5 Bf8 9. Qe2 Nc6 10. Nf6+ gxf6 11. exf6+ N@e6 
12. P@g7 Rg8 13. gxf8=Q+ Kxf8 14. Bxh6+ Ke8 15. P@e7 Nxe7 16. fxe7 Qxe7 17. N@f5 
Qb4+ 18. B@c3 Qb6 19. Ng7+ Kd8 20. Nxe6+ dxe6 21. N@f6 Rxg2 22. Ne5 N@h8 
23. Bf8 P@g7 24. Bc5 gxf6 25. Bxb6 axb6 26. Q@f8+ N@e8 27. Qxh8 N@g5 28. N@g7 
Bd7 29. Nxd7 Kxd7 30. Qf8 N@f3+ 31. Kd1 Rg1+ 32. Rxg1 Nxg1 33. R@e7+ Kc6 
34. B@b5+ Kd6 35. Rxe8# 
{Burgsvik resigns} 1-0

[Event "fics rated crazyhouse match"]
[Site "fics, Oklahoma City, OK USA"]
[Date "2000.02.03"]
[White "Burgsvik"]
[WhiteElo "2046"]
[Black "Firefly"]
[BlackElo "2513"]
[TimeControl "120+0"]
[Result "0-1"]

1. e4 e6 2. d4 Nc6 3. Bb5 Nf6 4. Bxc6 dxc6 5. Bg5 h6 6. Bxf6 
Qxf6 7. Nf3 B@h5 8. e5 Qg6 9. N@f4 Qe4+ 10. Qe2 Qxf4 11. Nbd2 B@b4 
12. O-O-O Bxf3 13. gxf3 Bxd2+ 14. Qxd2 Qxd2+ 15. Rxd2 N@b4 16. B@b3 N@a5 17. B@h5 
Nxb3+ 18. axb3 Q@a1+ 19. N@b1 Na2+ 20. Kd1 Qxb1+ 21. Ke2 B@a6+ 22. c4 N@c3+ 
23. bxc3 Nxc3+ 24. Ke3 N@d5+ 25. cxd5 Nxd5# 
{Burgsvik checkmated} 0-1

[Event "fics rated crazyhouse match"]
[Site "fics, Oklahoma City, OK USA"]
[Date "2000.02.03"]
[White "Firefly"]
[WhiteElo "2514"]
[Black "Burgsvik"]
[BlackElo "2045"]
[TimeControl "120+0"]
[Result "1-0"]

1. e4 e6 2. Nc3 Bb4 3. d4 Nf6 4. e5 Ne4 5. Qf3 Nxc3 6. bxc3 
Be7 7. Bd3 Bg5 8. Bxg5 Qxg5 9. B@d2 Qe7 10. N@h5 B@f8 11. Nh3 N@b2 
12. Bg5 Nxd3+ 13. Qxd3 Qa3 14. O-O Nc6 15. N@b5 Qa5 16. Bf6 gxf6 17. exf6 
B@g6 18. P@g7 Rg8 19. gxf8=Q+ Rxf8 20. Ng7+ Kd8 21. B@e7+ Nxe7 22. fxe7+ Kxe7 
23. Qc4 B@d5 24. Qc5+ B@d6 25. Nxd6 cxd6 26. Qxa5 N@e2+ 27. Kh1 P@f3 28. gxf3 
Bxf3+ 29. P@g2 Bge4 30. B@g5+ f6 31. Bxf6+ Kxf6 32. Q@g5+ Kf7 33. N@h6# 
{Burgsvik checkmated} 1-0

[Event "fics rated crazyhouse match"]
[Site "fics, Oklahoma City, OK USA"]
[Date "2000.02.03"]
[White "Burgsvik"]
[WhiteElo "2044"]
[Black "Firefly"]
[BlackElo "2515"]
[TimeControl "120+0"]
[Result "0-1"]

1. e4 e6 2. d4 Nc6 3. Bb5 Nf6 4. Bxc6 dxc6 5. Nc3 Bb4 6. Bg5 
h6 7. Bxf6 Qxf6 8. N@h5 Qg5 9. Nxg7+ Qxg7 10. P@f6 Qxg2 11. Qf3 Qg5 
12. N@g7+ Kd8 13. Ne2 B@g4 14. Qe3 N@g2+ 15. Kd1 Nxe3+ 16. fxe3 Bxc3 17. bxc3 
Bxe2+ 18. Kxe2 Qg2# 
{Burgsvik resigns} 0-1

[Event "fics rated crazyhouse match"]
[Site "fics, Oklahoma City, OK USA"]
[Date "2000.02.03"]
[White "Firefly"]
[WhiteElo "2516"]
[Black "Burgsvik"]
[BlackElo "2043"]
[TimeControl "120+0"]
[Result "1-0"]

1. e4 e6 2. Nc3 d5 3. exd5 exd5 4. Nf3 Bb4 5. Bb5+ P@c6 6. Qe2+ 
Qe7 7. Nxd5 Qxe2+ 8. Kxe2 Q@e4+ 9. Q@e3 Qxe3+ 10. fxe3 Bg4 11. Nxc7+ Kd7 
12. Nxa8 Bxf3+ 13. gxf3 Q@g2+ 14. P@f2 Qxh1 15. B@h3+ Ke7 16. Q@e4+ R@e6 17. Qxb4+ 
N@d6 18. P@c7 Nf6 19. B@d8+ Ke8 20. cxb8=Q Rxe3+ 21. dxe3 P@e4 22. Bxf6# 
{Burgsvik forfeits on time} 1-0

[Event "fics rated crazyhouse match"]
[Site "fics, Oklahoma City, OK USA"]
[Date "2000.02.03"]
[White "Gobi"]
[WhiteElo "2351"]
[Black "Firefly"]
[BlackElo "2517"]
[TimeControl "180+0"]
[Result "1-0"]

1. e4 e6 2. Nc3 Nc6 3. d4 Bb4 4. Be3 Nf6 5. Bd3 d5 6. e5 
Ne4 7. Ne2 Bxc3+ 8. Nxc3 N@h4 9. Rg1 Nxc3 10. bxc3 Nf5 11. N@h5 N@e4 
12. Bxe4 dxe4 13. N@f6+ gxf6 14. Nxf6+ Qxf6 15. exf6 B@h4 16. P@g7 Rg8 17. B@h6 
N@g6 18. Qh5 N@d7 19. d5 exd5 20. Qxf5 Bxf6 21. N@b5 Kd8 22. Qxd5 P@a6 
23. Qxf7 Re8 24. Qxe8+ Kxe8 25. g8=Q+ Ndf8 26. Q@f7+ Kd8 27. R@e8# 
{Firefly checkmated} 1-0

[Event "fics rated crazyhouse match"]
[Site "fics, Oklahoma City, OK USA"]
[Date "2000.02.03"]
[White "Firefly"]
[WhiteElo "2505"]
[Black "Gobi"]
[BlackElo "2363"]
[TimeControl "180+0"]
[Result "0-1"]

1. e4 e5 2. Nc3 Nc6 3. Nf3 Bc5 4. Bc4 Nf6 5. O-O d6 6. h3 
O-O 7. d3 Be6 8. Bg5 Nd4 9. Nxd4 Bxd4 10. Nd5 Bxd5 11. Bxd5 c6 
12. c3 cxd5 13. cxd4 dxe4 14. dxe4 exd4 15. N@f5 B@e7 16. Nxe7+ Qxe7 17. Bxf6 
Qxf6 18. N@d5 Qe5 19. B@f4 Qxe4 20. B@f3 Qxf4 21. Nxf4 B@e5 22. B@g3 P@e3 
23. fxe3 dxe3 24. P@d4 B@f2+ 25. Rxf2 exf2+ 26. Kh2 P@h4 27. Bxh4 Bxf4+ 28. P@g3 
R@e1 29. Qxe1 fxe1=Q 30. Rxe1 P@f2 31. Rf1 N@e3 32. R@c1 N@e1 33. Rxf2 N@f1+ 
34. Rxf1 Nxf1+ 35. Kg1 R@h1+ 36. Kf2 Q@e3# 
{Firefly checkmated} 0-1

[Event "fics rated crazyhouse match"]
[Site "fics, Oklahoma City, OK USA"]
[Date "2000.02.03"]
[White "Gobi"]
[WhiteElo "2374"]
[Black "Firefly"]
[BlackElo "2494"]
[TimeControl "180+0"]
[Result "1-0"]

1. e4 e6 2. Nc3 Nc6 3. d4 Bb4 4. Be3 Nf6 5. Bd3 d5 6. e5 
Ne4 7. Ne2 f5 8. O-O O-O 9. f3 Nxc3 10. bxc3 Be7 11. c4 Bg5 
12. f4 N@g4 13. Qd2 Bh4 14. cxd5 exd5 15. c4 dxc4 16. Bxc4+ P@d5 17. Bb3 
Ne7 18. P@g5 Ng6 19. P@f6 gxf6 20. exf6 Re8 21. N@e5 N6xe5 22. dxe5 Nxe3 
23. N@h6# 
{Firefly resigns} 1-0

[Event "fics rated crazyhouse match"]
[Site "fics, Oklahoma City, OK USA"]
[Date "2000.02.03"]
[White "Firefly"]
[WhiteElo "2483"]
[Black "Gobi"]
[BlackElo "2385"]
[TimeControl "180+0"]
[Result "1-0"]

1. e4 e5 2. Nf3 Nc6 3. Bc4 Bc5 4. c3 Nf6 5. d4 exd4 6. cxd4 
Bxd4 7. Nxd4 Nxd4 8. B@b3 Nxb3 9. Bxb3 Qe7 10. O-O B@h5 11. f3 d6 
12. Bg5 P@c6 13. Nc3 h6 14. Bxf6 Qxf6 15. N@d5 cxd5 16. Nxd5 B@b6+ 17. P@f2 
Qg5 18. P@g4 Bcxg4 19. fxg4 Bxg4 20. Qxg4 Qxg4 21. N@f6+ gxf6 22. Nxf6+ Kd8 
23. Nxg4 N@h3+ 24. Kh1 P@g7 25. P@e7+ Kxe7 26. Bxf7 N@g5 27. B@h4 N@f4 28. Bxg5+ 
Nxg5 29. N@f5+ Kd7 30. Q@e7+ Kc6 31. B@d7+ Kc5 32. P@d4+ Kb4 33. a3+ Ka5 
34. b4+ Ka6 35. Bc4+ P@b5 36. Bcxb5# 
{Gobi checkmated} 1-0

[Event "fics rated crazyhouse match"]
[Site "fics, Oklahoma City, OK USA"]
[Date "2000.02.03"]
[White "Gobi"]
[WhiteElo "2379"]
[Black "Firefly"]
[BlackElo "2489"]
[TimeControl "180+0"]
[Result "0-1"]

1. e4 Nf6 2. Nc3 e5 3. Nf3 Nc6 4. Bb5 d6 5. d3 Bg4 6. Bg5 
Be7 7. Rg1 O-O 8. h3 Bh5 9. Bxf6 Bxf6 10. Nd5 B@h4 11. g4 Bg6 
12. Qd2 Bfg5 13. Nxg5 Bxg5 14. Qd1 Nd4 15. B@e2 Nxe2 16. Qxe2 N@d4 17. N@f5 
Nxe2 18. N@e7+ Kh8 19. Kxe2 Bxf5 20. Nxf5 N@f4+ 21. Nxf4 exf4 22. B@c3 f3+ 
23. Kxf3 Q@f4+ 24. Ke2 B@f3+ 25. Ke1 Bf6 26. P@e3 Qh2 27. Rg3 Bxc3+ 28. bxc3 
B@b2 29. B@d4 N@e6 30. Rb1 Nxd4 31. Rxb2 Nxf5 32. gxf5 N@g2+ 33. Rxg2 Qxg2 
{Gobi resigns} 0-1

[Event "fics rated crazyhouse match"]
[Site "fics, Oklahoma City, OK USA"]
[Date "2000.02.03"]
[White "Firefly"]
[WhiteElo "2495"]
[Black "Gobi"]
[BlackElo "2373"]
[TimeControl "180+0"]
[Result "1-0"]

1. e4 e5 2. Nf3 Nc6 3. Bc4 Bc5 4. c3 Nf6 5. d3 d6 6. O-O 
O-O 7. h3 Bb6 8. Bg5 Be6 9. Nbd2 h6 10. Bh4 d5 11. exd5 Bxd5 
12. Bxd5 Qxd5 13. Bxf6 gxf6 14. B@e4 Qd7 15. P@d5 Ne7 16. Nxe5 Qd8 17. Ng4 
P@g7 18. N@h5 B@h4 19. Nf3 B@g6 20. Bxg6 Nxg6 21. P@f5 Bhxf2+ 22. Nxf2 B@e3 
23. d4 Ne7 24. B@e4 Nxd5 25. Bxd5 c6 26. Bxf7+ Kxf7 27. B@e6+ Ke7 28. P@e5 
B@e8 29. Nxg7 fxe5 30. Nxe8 Qxe8 31. B@h4+ P@g5 32. dxe5 N@e4 33. P@f6+ Rxf6 
34. exf6+ Kxf6 35. P@e5+ Kg7 36. f6# 
{Gobi forfeits on time} 1-0

[Event "fics rated crazyhouse match"]
[Site "fics, Oklahoma City, OK USA"]
[Date "2000.02.03"]
[White "Gobi"]
[WhiteElo "2368"]
[Black "Firefly"]
[BlackElo "2500"]
[TimeControl "180+0"]
[Result "1-0"]

1. e4 Nf6 2. e5 Ne4 3. Qe2 d5 4. Nc3 Nc5 5. d4 Ne6 6. Be3 
Nc6 7. Rd1 g6 8. Qb5 Bd7 9. Qxd5 Nb4 10. Qb3 a5 11. d5 Ng7 
12. a3 Nxc2+ 13. Qxc2 e6 
{Firefly resigns} 1-0

[Event "fics rated crazyhouse match"]
[Site "fics, Oklahoma City, OK USA"]
[Date "2000.02.03"]
[White "Firefly"]
[WhiteElo "2489"]
[Black "Gobi"]
[BlackElo "2379"]
[TimeControl "180+0"]
[Result "1-0"]

1. e4 e5 2. Nf3 Nc6 3. Bc4 Bc5 4. O-O Nf6 5. c3 Nxe4 6. d4 
exd4 7. cxd4 Be7 8. Bxf7+ Kxf7 9. d5 Nb4 10. Ne5+ Kf8 11. Qf3+ P@f6 
12. P@h6 P@d2 13. hxg7+ Kxg7 14. Qxe4 fxe5 15. Bxd2 N@f6 16. P@h6+ Kg8 17. P@f7+ 
Kxf7 18. N@g5+ Kf8 19. P@g7+ Kg8 20. Qxh7# 
{Gobi resigns} 1-0

[Event "fics rated crazyhouse match"]
[Site "fics, Oklahoma City, OK USA"]
[Date "2000.02.03"]
[White "Gobi"]
[WhiteElo "2373"]
[Black "Firefly"]
[BlackElo "2495"]
[TimeControl "180+0"]
[Result "1-0"]

1. e4 e6 2. Nc3 c5 3. Nf3 Nc6 4. d4 d5 5. exd5 exd5 6. Bb5 
cxd4 7. Nxd4 Ne7 8. Bf4 P@c7 9. P@a6 P@d7 10. axb7 Bxb7 11. P@a6 Bxa6 
12. Bxa6 Nxd4 13. Qxd4 N@e6 14. Qd2 Nxf4 15. Qxf4 Ng6 16. Qe3+ Qe7 17. Nxd5 
Qxe3+ 18. Nxe3 P@d2+ 19. Kxd2 P@d4 20. Q@e4+ B@e5 21. Qxa8# 
{Firefly resigns} 1-0

[Event "fics rated crazyhouse match"]
[Site "fics, Oklahoma City, OK USA"]
[Date "2000.02.03"]
[White "Firefly"]
[WhiteElo "2484"]
[Black "Gobi"]
[BlackElo "2384"]
[TimeControl "180+0"]
[Result "1-0"]

1. e4 e5 2. Nf3 Nc6 3. Bc4 Bc5 4. O-O Nf6 5. c3 Nxe4 6. d4 
d5 7. Bb5 exd4 8. cxd4 Be7 9. Ne5 O-O 10. Bxc6 bxc6 11. Nxc6 Qe8 
12. Ne5 B@b5 13. Re1 P@d6 14. P@h6 Bf6 15. P@g5 Bxe5 16. dxe5 Qxe5 17. B@d4 
gxh6 18. Bxe5 dxe5 19. gxh6 B@f6 20. Rxe4 dxe4 21. N@e7+ Kh8 22. P@g7+ Bxg7 
23. hxg7+ Kxg7 24. Q@h6# 
{Gobi resigns} 1-0

[Event "fics rated crazyhouse match"]
[Site "fics, Oklahoma City, OK USA"]
[Date "2000.02.03"]
[White "Gobi"]
[WhiteElo "2378"]
[Black "Firefly"]
[BlackElo "2490"]
[TimeControl "180+0"]
[Result "0-1"]

1. e4 e6 2. d4 Nc6 3. Be3 d5 4. Nc3 dxe4 5. Nxe4 Nf6 6. Bd3 
Nd5 7. Nf3 P@f5 8. Neg5 Nxe3 9. fxe3 Qxg5 10. Nxg5 B@h4+ 11. P@f2 Bxg5 
12. N@b5 N@a6 13. h4 Bf6 14. a3 B8e7 15. h5 Bd7 16. Q@g3 Rc8 17. c4 
e5 18. d5 Nd8 19. Nxa7 Ra8 20. P@c6 bxc6 21. dxc6 Nxc6 22. Nxc6 Bxc6 
23. Bxf5 P@e6 24. P@d5 exf5 25. dxc6 Nc5 26. B@d7+ Kf8 27. Bxf5 B@h4 28. Qgf3 
P@e6 29. P@b7 Rd8 30. Qxd8+ Bxd8 31. N@d7+ Nxd7 32. cxd7 N@d6 33. b8=Q exf5 
34. R@e8+ Nxe8 35. dxe8=Q+ Kxe8 36. P@d7+ Kf8 37. Qxf5 Bxf2+ 38. Kxf2 Q@d2+ 39. P@e2 
P@f4 40. N@e6+ Kg8 41. Nxd8 Qxe3# 
{Gobi forfeits on time} 0-1

[Event "fics rated crazyhouse match"]
[Site "fics, Oklahoma City, OK USA"]
[Date "2000.02.03"]
[White "Firefly"]
[WhiteElo "2506"]
[Black "Gobi"]
[BlackElo "2362"]
[TimeControl "180+0"]
[Result "0-1"]

1. e4 e5 2. Nf3 Nc6 3. Bc4 Bc5 4. O-O Nf6 5. c3 O-O 6. d4 
exd4 7. cxd4 P@g4 8. dxc5 gxf3 9. gxf3 Ne5 10. Be2 d6 11. cxd6 cxd6 
12. P@g2 P@h3 13. gxh3 Bxh3 14. Re1 P@g4 15. B@h1 gxf3 16. Bexf3 P@g4 17. Be2 
N@f3+ 18. Bexf3 gxf3 19. N@g5 B@g2 20. P@f4 Neg4 21. Nxh3 Bxh1 22. B@g5 Bg2 
23. Nc3 Bxh3 24. Qxf3 B@g2 
{Firefly resigns} 0-1

[Event "fics rated crazyhouse match"]
[Site "fics, Oklahoma City, OK USA"]
[Date "2000.02.03"]
[White "Gobi"]
[WhiteElo "2373"]
[Black "Firefly"]
[BlackElo "2495"]
[TimeControl "180+0"]
[Result "0-1"]

1. e4 e6 2. Nc3 Nc6 3. d4 Nf6 4. Be3 d5 5. Bd3 dxe4 6. Bxe4 
Bb4 7. Bxc6+ bxc6 8. N@e5 B@d5 9. Ngf3 Ba6 10. P@d3 P@d6 11. Nxf7 Kxf7 
12. P@e4 Rf8 13. Ng5+ Kg8 14. exd5 Nxd5 15. Qh5 N@f6 16. B@f7+ Kh8 17. Qh3 
Bxc3+ 18. bxc3 P@g4 19. Qh4 N@f5 20. Qxh7+ Nxh7 21. Nxe6 Nfxe3 22. fxe3 Rxf7 
23. N@g6+ Kg8 24. B@g3 Qf6 25. Nef4 Nxe3 26. P@e6 Nxc2+ 27. Kd2 B@e3+ 28. Kxc2 
B@a4+ 29. Kb2 Q@c2+ 30. Ka3 Qxc3+ 31. N@b3 P@b4+ 32. Kxa4 Bb5+ 33. Ka5 P@b6# 
{Gobi checkmated} 0-1

[Event "fics rated crazyhouse match"]
[Site "fics, Oklahoma City, OK USA"]
[Date "2000.02.03"]
[White "Firefly"]
[WhiteElo "2500"]
[Black "Gobi"]
[BlackElo "2368"]
[TimeControl "180+0"]
[Result "1-0"]

1. e4 Nc6 2. d4 d5 3. exd5 Qxd5 4. Nf3 Nf6 5. Nc3 Qa5 6. Bd2 
Bg4 7. d5 Nb4 8. Bb5+ P@c6 9. dxc6 bxc6 10. Bc4 e6 11. a3 Bxf3 
12. gxf3 Nxc2+ 13. Qxc2 N@d4 14. Qd3 Qe5+ 15. P@e4 P@g2 16. Rg1 Qxh2 17. O-O-O 
Rd8 18. B@g3 Qxg1 19. Rxg1 Nb3+ 20. Bxb3 Rxd3 21. N@e3 Rxc3+ 22. Bxc3 N@e2+ 
23. Kb1 Nxg1 24. R@c8+ R@d8 25. Rxd8+ Kxd8 26. Bxf6+ gxf6 27. Q@b8+ B@c8 28. N@b7+ 
Ke7 29. Qxc7+ R@d7 30. P@d6# 
{Gobi resigns} 1-0

[Event "fics rated crazyhouse match"]
[Site "fics, Oklahoma City, OK USA"]
[Date "2000.02.03"]
[White "Gobi"]
[WhiteElo "2363"]
[Black "Firefly"]
[BlackElo "2505"]
[TimeControl "180+0"]
[Result "0-1"]

1. e4 e5 2. Nf3 Nc6 3. Bc4 Bc5 4. d3 Nf6 5. O-O O-O 6. Bg5 
h6 7. Bxf6 Qxf6 8. Nc3 B@e6 9. N@h5 Qg6 10. Nh4 Qg5 11. Bxe6 dxe6 
12. Nxg7 Qxg7 13. B@e3 B@g5 14. Bxc5 Bxh4 15. P@g3 Be7 16. Bxe7 Nxe7 17. B@a3 
B@d6 18. Bxd6 cxd6 19. B@a3 N@e8 20. Kh1 f5 21. f4 B@g4 22. B@f3 Bxf3 
23. Qxf3 B@g4 24. Qf2 Ng6 25. fxe5 Nxe5 26. B@d4 P@h3 27. gxh3 Bxh3 28. P@g2 
Bxg2+ 29. Qxg2 P@g4 30. P@e7 Rf7 31. Bxe5 Qxe5 32. B@f4 B@h3 33. Bxe5 Bxg2+ 
34. Kxg2 P@f3+ 35. Kf2 Q@d2+ 36. B@e2 N@h3# 
{Gobi checkmated} 0-1

[Event "fics rated crazyhouse match"]
[Site "fics, Oklahoma City, OK USA"]
[Date "2000.02.03"]
[White "pminear"]
[WhiteElo "2403"]
[Black "Tecumseh"]
[BlackElo "2247"]
[TimeControl "180+0"]
[Result "1-0"]

1. e4 Nc6 2. Nc3 Nf6 3. d4 d5 4. exd5 Nxd5 5. Nf3 Bg4 6. Be2 
e6 7. Nxd5 Qxd5 8. N@e3 Bxf3 9. Bxf3 Qa5+ 10. Bd2 P@b4 11. Nc4 Qa6 
12. Bxc6+ bxc6 13. B@e2 B@b5 14. Ne5 Bxe2 15. P@d7+ Ke7 16. Qxe2 Qxe2+ 17. Kxe2 
B@b5+ 18. Kd1 N@d5 19. N@c8+ Rxc8 20. dxc8=N# 
{Tecumseh resigns} 1-0

[Event "fics rated crazyhouse match"]
[Site "fics, Oklahoma City, OK USA"]
[Date "2000.02.03"]
[White "valdushka"]
[WhiteElo "2162"]
[Black "LINDEGREN"]
[BlackElo "2303"]
[TimeControl "180+0"]
[Result "0-1"]

1. e4 Nf6 2. Nc3 e6 3. d4 d5 4. Bd3 Bb4 5. Bg5 dxe4 6. Bxf6 
Qxf6 7. Bxe4 Qg5 8. P@e3 B@a5 9. Ne2 P@a3 10. N@b5 axb2 11. Rb1 Qxb5 
12. O-O Bxc3 13. Nxc3 Bxc3 14. B@d3 P@c4 15. Be2 N@f6 16. B2f3 N@g5 17. Bxb7 
Bxb7 18. Bxb7 Qxb7 19. f3 N@d2 20. B@h4 h6 21. P@f4 Nxf1 22. fxg5 Nxe3 
23. Qe2 Bxd4 24. Bf2 R@c1+ 25. Rxc1 bxc1=Q+ 26. N@e1 hxg5 
{valdushka resigns} 0-1

[Event "fics rated crazyhouse match"]
[Site "fics, Oklahoma City, OK USA"]
[Date "2000.02.03"]
[White "Leech"]
[WhiteElo "2215"]
[Black "Britt"]
[BlackElo "2231"]
[TimeControl "180+0"]
[Result "1-0"]

1. e4 e6 2. d4 d5 3. Nc3 Ne7 4. Bg5 Qd7 5. Nf3 Nbc6 6. Bb5 
dxe4 7. Nxe4 Ng6 8. P@h5 Bb4+ 9. c3 P@f5 10. hxg6 fxe4 11. Ne5 Nxe5 
12. Bxd7+ Bxd7 13. cxb4 N@d3+ 14. Kf1 hxg6 15. Q@e7# 
{Britt checkmated} 1-0

[Event "fics rated crazyhouse match"]
[Site "fics, Oklahoma City, OK USA"]
[Date "2000.02.03"]
[White "Britt"]
[WhiteElo "2222"]
[Black "Leech"]
[BlackElo "2223"]
[TimeControl "180+0"]
[Result "0-1"]

1. e4 e6 2. d4 Nf6 3. Nc3 d5 4. exd5 Nxd5 5. Nf3 Nc6 6. Bd3 
Bb4 7. Bd2 Bxc3 8. bxc3 N@b2 9. Qe2 Nxd3+ 10. Qxd3 B@f4 11. P@e3 Bh6 
12. e4 Bxd2+ 13. Nxd2 Nf4 14. Qf3 Qg5 15. B@g3 B@h5 16. O-O Bxf3 17. Nxf3 
Qg4 18. Bxf4 P@h3 19. N@e3 hxg2 20. Nxg2 P@h3 21. N@e3 hxg2 22. Nxg2 N@h3+ 
23. Kh1 Qxf3 24. B@g3 Nxf4 25. Bxf4 Qxg2+ 26. Kxg2 N@h4+ 27. Kg3 Q@f3+ 28. Kxh4 
N@g6+ 29. Kg5 Qxf4+ 30. Kh5 Qh4# 
{Britt checkmated} 0-1

[Event "fics rated crazyhouse match"]
[Site "fics, Oklahoma City, OK USA"]
[Date "2001.02.03"]
[White "liveZ"]
[WhiteElo "2318"]
[Black "Tecumseh"]
[BlackElo "2304"]
[TimeControl "120+0"]
[Result "1-0"]

1. e4 Nc6 2. d4 Nf6 3. e5 Ne4 4. Nf3 d5 5. Bb5 Bg4 6. Nbd2 
e6 7. O-O Be7 8. Qe2 Nxd2 9. Bxd2 N@h4 10. Nxh4 Bxe2 11. Bxe2 Nxd4 
12. Bh5 Bxh4 13. B@g3 Bxg3 14. hxg3 P@h3 15. B@h1 B@e2 16. N@f3 Bxf1 17. Rxf1 
Nxf3+ 18. Bxf3 N@d4 19. gxh3 N@e2+ 20. Kh2 R@g6 21. B@a4+ c6 22. N@d6+ Kf8 
23. P@g4 Nxg3 24. fxg3 P@e2 25. Bxe2 Nxe2 26. Rxf7+ Kg8 27. N@h6+ gxh6 28. Be3 
B@b6 29. N@e7+ Qxe7 30. Rxe7 Q@g1+ 31. Bxg1 Bxg1+ 32. Kg2 N@e1+ 33. Kf1 N@e3+ 
34. Kxe2 B@c4+ 35. Kxe1 Ng2+ 36. Kd2 Bf2 37. Kc3 Bd4+ 38. Kb4 a5+ 39. Ka3 
Bc5+ 40. b4 Bxb4+ 41. Kb2 
{Tecumseh forfeits on time} 1-0

[Event "fics rated crazyhouse match"]
[Site "fics, Oklahoma City, OK USA"]
[Date "2001.02.03"]
[White "Tecumseh"]
[WhiteElo "2296"]
[Black "liveZ"]
[BlackElo "2326"]
[TimeControl "120+0"]
[Result "0-1"]

1. e4 e6 2. d4 Nc6 3. Nc3 Nf6 4. e5 Nd5 5. Nxd5 exd5 6. Nf3 
d6 7. N@h5 Bg4 8. Nf4 dxe5 9. dxe5 Bxf3 10. gxf3 P@e6 11. B@a4 Bb4+ 
12. c3 Be7 13. P@a6 N@b6 14. axb7 Nxa4 15. Bb5 B@d7 16. bxa8=Q Qxa8 17. Bxa4 
Nxe5 18. Bxd7+ Nxd7 19. B@a4 P@c6 20. N@a6 B@b6 21. Be3 O-O 22. Bxb6 cxb6 
23. Rg1 P@g5 24. Nh5 B@f6 25. B@d4 e5 26. Be3 N@f4 27. Bxf4 exf4 28. P@d6 
Bxd6 29. N@f5 B@e7 30. Nxe7+ Bdxe7 31. Nc7 Qb8 32. Nxf6+ Bxf6 33. B@d6 Re8+ 
34. B@e2 P@e3 35. Nxe8 exf2+ 36. Kxf2 N@h3+ 37. Kg2 N@e3+ 38. Kh1 Nf2# 
{Tecumseh checkmated} 0-1

[Event "fics rated crazyhouse match"]
[Site "fics, Oklahoma City, OK USA"]
[Date "2001.02.03"]
[White "JiggaB"]
[WhiteElo "2313"]
[Black "spurs"]
[BlackElo "2312"]
[TimeControl "60+0"]
[Result "0-1"]

1. e4 e6 2. Nc3 d5 3. exd5 exd5 4. d4 Bb4 5. Nf3 Qe7+ 6. Qe2 
Bg4 7. Qxe7+ Nxe7 8. Be2 P@e4 9. Ne5 Bxe2 10. Kxe2 Bxc3 11. bxc3 B@a6+ 
12. P@d3 exd3+ 13. cxd3 Q@e4+ 14. Q@e3 N@f4+ 15. Kd2 Qxe3+ 16. Kxe3 Q@e2+ 17. Kxf4 
P@g5+ 18. Kg3 Nf5+ 19. Kh3 Qh5+ 20. P@h4 Qxh4# 
{JiggaB checkmated} 0-1